Cogmind - Beta 16 @@@ ROGUE MODE // 2025.11.14 @ 17:14:14 Player: Skysub Result: Destroyed by BR-4YU(R) with Subdweller Shrapnel Launcher Performance ------------- Evolutions (0) 0 Regions Visited (2) 400 Robots Destroyed (32) 160 Value Destroyed (785) 785 Prototype IDs (0) 0 Alien Tech Used (0) 0 Bonus (0) 0 TOTAL SCORE: 1345 Bonus ------- None Cogmind --------- Core Integrity 0/250 Matter 207/300 Energy 100/100 System Corruption 0% Temperature Cool (0) Movement Core (400) Ox7 Location -10/Subcaves Parts ------- > --- POWER (1) -------- (None) > --- PROPULSION (2) --- Compact Wheel > --- UTILITY (2) ------ Large Storage Unit Structural Scanner > --- WEAPON (2) ------- Shotgun > --- INVENTORY (15) --- Wheel Subdweller Monowheel Subdweller Monowheel High-capacity Matter Pod (200) Subdweller Optics Subdweller Optics Rainbow Chip Subdweller Laser Light Assault Rifle Subdweller Machine Gun Battle Cannon Grenade Launcher Mining Laser Peak State ------------ > --- POWER ------------ (None) > --- PROPULSION ------- Light Treads Compact Wheel > --- UTILITY ---------- Large Storage Unit Structural Scanner > --- WEAPON ----------- Shotgun Shotgun > --- INVENTORY -------- Wheel Subdweller Monowheel Subdweller Monowheel High-capacity Matter Pod Subdweller Optics Subdweller Optics Rainbow Chip Subdweller Laser Assault Rifle Light Assault Rifle Subdweller Machine Gun Battle Cannon Grenade Launcher Mining Laser [Rating: 11] Favorites ----------- Power Ion Engine Engine Ion Engine Propulsion Light Treads Treads Light Treads Wheel Compact Wheel Utility Seismic Detector Device Seismic Detector Storage Large Storage Unit Weapon Assault Rifle Energy Gun Small Laser Ballistic Gun Assault Rifle Launcher Grenade Launcher Special Weapon Mining Laser Build | -11 -10 -10 ------- Run | Yrd Mat Sub Slots Evolved . | . . . Power . | . . . Propulsion . | . . . Utility . | . . . Weapon . | . . . Parts Attached 18 | 8 7 3 Power 1 | 1 . . Engine 1 | 1 . . Core . | . . . Reactor . | . . . Propulsion 5 | 3 2 . Treads 4 | 2 2 . Leg . | . . . Wheel 1 | 1 . . Hover . | . . . Flight . | . . . Utility 5 | 2 3 . Device 2 | 1 1 . Storage 3 | 1 2 . Processor . | . . . Hackware . | . . . Protection . | . . . Artifact . | . . . Weapon 7 | 2 2 3 Energy Gun 1 | 1 . . Energy Cannon . | . . . Ballistic Gun 4 | 1 1 2 Ballistic Cannon . | . . . Launcher 1 | . 1 . Special Weapon 1 | . . 1 Impact Weapon . | . . . Slashing Weapon . | . . . Piercing Weapon . | . . . Special Melee Weapon . | . . . Unidentified Prototypes . | . . . Parts Lost 9 | . 3 6 Power 1 | . . 1 Propulsion 4 | . 2 2 Utility 1 | . 1 . Weapon 3 | . . 3 Highest Loss Streak 3 | . 2 3 To Critical Strikes . | . . . Average Backups 8 | 3 8 11 Power . | . . . Propulsion 2 | 1 3 2 Utility 1 | . 1 2 Weapon 3 | . 3 6 Tool/Special . | . . . Unused Backups 12 | . 2 10 Power 1 | . 1 . Propulsion 3 | . . 3 Utility 3 | . . 3 Weapon 5 | . 1 4 Tool/Special . | . . . Average Slot Usage (%) 97 | . 99 94 Engine 12 | . 14 8 Treads 27 | . 27 26 Device 13 | . 13 14 Storage 14 | . 14 14 Energy Gun 4 | . 6 . Ballistic Gun 23 | . 21 26 Peak Build Rating 11 | 7 9 11 Average Rating 8 | 5 8 9 On Entrance 5 | . 7 9 Avg Prop Armor Cover (%) . | . . . Naked Turns . | . . . Heaviest Build 31 | 14 31 31 Greatest Support 40 | 40 40 40 Greatest Overweight (x) 1 | 1 . 1 Average Overweight (x) . | . . . Largest Inventory Capacity 15 | 8 15 15 Average Capacity 11 | 7 10 15 Most Carried 14 | 4 10 14 Average Carried 8 | 3 8 11 Final Capacity 15 | 8 15 15 Final Carried 13 | 4 8 13 Class Distribution -------------------- 100% | Mutant Dominant Class ---------------- Mutant | -10/Materials Mutant | -10/Subcaves Resources | -11 -10 -10 ----------- Run | Yrd Mat Sub Matter Collected 1026 | 315 532 179 Remotely . | . . . Salvage Created 1008 | 161 693 154 Parts 75 | 16 51 8 Haulers Intercepted 1 | . 1 . Recyclers Shooed 2 | . 2 . Parts Field Recycled . | . . . Retrieved Matter . | . . . Parts Self-Destructed . | . . . Prevented . | . . . Parts Restored . | . . . Kills | -11 -10 -10 ------- Run | Yrd Mat Sub Combat Hostiles Destroyed 24 | . 19 5 Guns 23 | . 18 5 AOE 1 | . 1 . Classes Destroyed 8 | 2 5 1 Builder 1 | . 1 . Tunneler 4 | 4 . . Hauler 1 | . 1 . Recycler 1 | 1 . . Watcher 1 | . 1 . Swarmer 6 | . 6 . Grunt 13 | . 13 . Subdweller 5 | . . 5 Best Kill Streak 4 | 2 4 2 Combat Bots Only 4 | . 4 2 Max Kills in Single Turn 1 | 1 1 1 Gunslinging . | . . . Exploded 1 | . 1 . Melee . | . . . Uniques/NPCs Destroyed . | . . . Combat | -11 -10 -10 -------- Run | Yrd Mat Sub Hostile Shots Fired 126 | . 91 35 Missed 31 | . 22 9 Hits 95 | . 69 26 Projectile 95 | . 69 26 AOE 2 | . . 2 Critical Strikes 2 | . . 2 Damage Taken 1370 | . 748 622 Core 251 | . 127 124 Absorbed by Shields . | . . . Core Remaining (%) 100 | 100 . . Volleys Fired 102 | 17 61 24 Largest 2 | 2 2 2 Hottest 100 | 60 60 100 Shots Fired 198 | 32 121 45 Gun 195 | 32 120 43 Cannon . | . . . Launcher 1 | . 1 . Special 2 | . . 2 Kinetic 151 | 17 91 43 Thermal 46 | 15 29 2 Explosive 1 | . 1 . Electromagnetic . | . . . Robot Hit Streak 29 | 8 29 17 Robot Miss Streak 4 | 2 4 1 Penetration Max . | . . . Secondary Targets 2 | . 2 . Max Gunslinging Chain 1 | . 1 . Shots Hit Robots 146 | 21 87 38 Core Hits 60 | 6 41 13 Critical Kills . | . . . Critical Parts Destroyed 1 | . . 1 Critical Strikes 1 | . . 1 Destroy 1 | . . 1 Melee Attacks . | . . . Impact . | . . . Slashing . | . . . Piercing . | . . . Sneak Attacks . | . . . Combat Hostiles . | . . . Follow-up Attacks . | . . . Damage Inflicted 2026 | 243 1146 637 Guns 1961 | 243 1081 637 Cannons . | . . . Explosions 50 | . 50 . Melee . | . . . Ramming 15 | . 15 . Kinetic 1590 | 134 819 637 Thermal 371 | 109 262 . Explosive 50 | . 50 . Electromagnetic . | . . . Impact . | . . . Slashing . | . . . Piercing . | . . . Highest Corruption . | . . . Average Corruption . | . . . Corruption Purged . | . . . Corruption Blocked . | . . . Overload Shots . | . . . Overflow Damage . | . . . Projectiles . | . . . Explosions . | . . . Melee . | . . . Knockbacks 1 | . 1 . Impact 1 | . 1 . Kinetic . | . . . Secondary . | . . . Self-Inflicted Damage . | . . . Shots . | . . . Rammed 4 | . 4 . Targets Rammed 4 | . 4 . Kicked . | . . . Crushed . | . . . Highest Temperature 69 | . 69 . Average Temperature 32 | . 32 . Received Heat Transfer 426 | . 318 108 Siege Activations . | . . . Martial Activations . | . . . Shielding Activations . | . . . Robots Disrupted . | . . . Combat Hostiles . | . . . Robots Corrupted . | . . . Combat Hostiles . | . . . Parts Fried . | . . . Impact Corruptions . | . . . Robots Melted . | . . . Combat Hostiles . | . . . Parts Melted . | . . . Heat Transferred 850 | 250 600 . Parts Sabotaged . | . . . Parts Stolen . | . . . Parts Stripped . | . . . Power Chain Reactions . | . . . Alert | -11 -10 -10 ------- Run | Yrd Mat Sub Maximum Alert Level . | . . . Low Security (%) 100 | 100 100 . Level 1 . | . . . Level 2 . | . . . Level 3 . | . . . Level 4 . | . . . Level 5 . | . . . High Security . | . . . Max Security . | . . . Peak Influence 129 | 5 129 . Initial . | . . . Average 62 | 1 75 . Influence Increases 582 | 25 557 . Destroy 0b10 Robot/C 380 | . 380 . Destroy 0b10 Robot/NC 40 | 25 15 . Destroy Leader 74 | . 74 . Successful Hack 20 | . 20 . Select Force Hacks 60 | . 60 . Destroy Structure 8 | . 8 . Influence Decreases 582 | 25 448 109 Entered New Map 53 | . . 53 Time Decay 499 | 25 418 56 Lost Part 30 | . 30 . Squads Dispatched 3 | . 3 . Investigation 3 | . 3 . Extermination . | . . . Reinforcement . | . . . Assault . | . . . Garrison . | . . . Intercept . | . . . Searches Triggered . | . . . Construction Impeded . | . . . Haulers Reinforced . | . . . Active Scanning Responses . | . . . Cargo Convoy Interrupts . | . . . Stealth | -11 -10 -10 --------- Run | Yrd Mat Sub Distress Signals 3 | . 3 . Communications Jammed . | . . . Distress Signals . | . . . Times Spotted 29 | . 23 6 Peak Tracking Total 4 | . 4 3 Tactical Retreats . | . . . Traps | -11 -10 -10 ------- Run | Yrd Mat Sub Traps Triggered 1 | . 1 . Indirectly . | . . . Trap Hack Attempts . | . . . Triggered . | . . . Disarmed . | . . . Reprogrammed . | . . . Reused . | . . . Traps Extracted . | . . . Installed . | . . . Triggered . | . . . Machines | -11 -10 -10 ---------- Run | Yrd Mat Sub Machines Disabled . | . . . Max in Single Turn . | . . . Machines Repaired . | . . . Machines Dismantled . | . . . Machines Sabotaged . | . . . Overloaded Fab Kills . | . . . Hacking | -11 -10 -10 --------- Run | Yrd Mat Sub Machines Accessed 7 | . 7 . Terminals 5 | . 5 . Fabricators . | . . . Repair Stations . | . . . Recycling Units 2 | . 2 . Scanalyzers . | . . . Garrison Access . | . . . Total Hacks 18 | . 18 . Successful 14 | . 14 . Failed 4 | . 4 . Catastrophic . | . . . Database Lockouts . | . . . Manual 13 | . 13 . Terminals 13 | . 13 . Fabricators . | . . . Repair Stations . | . . . Recycling Units 5 | . 5 . Scanalyzers . | . . . Garrison Access . | . . . Terminal Hacks 2 | . 2 . Terminal Index 1 | . 1 . Zone Layout 1 | . 1 . Fabricator Hacks . | . . . Repair Station Hacks . | . . . Recycling Unit Hacks 3 | . 3 . Report Inventory 2 | . 2 . Retrieve Components 1 | . 1 . Scanalyzer . | . . . Garrison Access Hacks . | . . . Unauthorized Hacks 9 | . 9 . Terminals 7 | . 7 . Botnet 2 | . 2 . Skim 5 | . 5 . Fabricators . | . . . Repair Stations . | . . . Recycling Units 2 | . 2 . Tunnel 2 | . 2 . Scanalyzers . | . . . Garrison Access . | . . . Data Cores Recovered . | . . . Used . | . . . Hacking Detections 4 | . 4 . Full Trace Events . | . . . Feedback Events . | . . . Feedback Blocked . | . . . Robot Schematics Acquired . | . . . Robots Built . | . . . Authchips . | . . . Time . | . . . Total Robot Build Rating . | . . . Part Schematics Acquired . | . . . Parts Built . | . . . Authchips . | . . . Time . | . . . Total Part Build Rating . | . . . Part Studies Acquired . | . . . Parts Repaired . | . . . Time . | . . . Parts Recycled . | . . . Recycled Matter . | . . . Retrieved Matter . | . . . Retrieved Components 9 | . 9 . Parts Scanalyzed . | . . . Part Schematics Acquired . | . . . Parts Damaged . | . . . Bothacking | -11 -10 -10 ------------ Run | Yrd Mat Sub Used RIF Installer . | . . . Robots Hacked . | . . . Non-combat . | . . . Combat . | . . . Robot Hacks Applied . | . . . Relay Couplers Released . | . . . Fabnet Peak Effective % . | . . . Robots Rewired . | . . . Allies Hacked . | . . . Hacks Repelled . | . . . Allies | -11 -10 -10 -------- Run | Yrd Mat Sub Total Allies . | . . . Largest Group . | . . . Highest-Rated Group . | . . . Highest-Rated Ally . | . . . Total Orders . | . . . Ally Attacks . | . . . Total Damage . | . . . Kills . | . . . Allies Corrupted . | . . . Allies Melted . | . . . Intel | -11 -10 -10 ------- Run | Yrd Mat Sub Active Infowar (turns) 1554 | 38 1045 471 Structural 512 | . 41 471 Seismic 1042 | 38 1004 . Robot Analysis Total . | . . . Derelict Logs Recovered . | . . . Drone Launches . | . . . Drone Recoveries . | . . . Exploration | -11 -10 -10 ------------- Run | Yrd Mat Sub Turns Passed 1764 | 229 1064 471 Spaces Moved 838 | 109 501 228 Core 9 | 9 . . Treads 825 | 100 501 224 Legs . | . . . Wheels 4 | . . 4 Hover . | . . . Flight . | . . . Fastest Speed 50 | 50 160 115 Average Speed 158 | 151 160 159 Slowest Speed 160 | 160 160 160 Overloaded Moves . | . . . Propulsion Burnouts . | . . . Robots Hopped . | . . . Potential Cave-ins . | . . . Cave-ins Triggered . | . . . Exploration Rate (%) 38 | 7 82 27 Regions Visited 2 Branch Regions 1 Pre-discovered Areas 2 | . 2 . Known Exits Taken . | . . . Unknown Exits Taken 2 | 1 1 . Scrap Searched 1 | . . 1 Spaces Dug . | . . . Terrain Destroyed 5 | . 5 . Melee . | . . . Projectile . | . . . AOE 5 | . 5 . Terrain Rammed . | . . . Walls Destroyed . | . . . Machines Disabled . | . . . Actions | -11 -10 -10 --------- Run | Yrd Mat Sub Total 1065 | 138 642 285 Wait 69 | . 53 16 Move 836 | 108 500 228 Hop . | . . . Pick Up 21 | 4 9 8 Fast Attach 8 | 7 1 . Attach 7 | 1 3 3 Detach 1 | 1 . . Swap 10 | . 5 5 Drop 6 | . 6 . Fire 102 | 17 61 24 Melee . | . . . Ram . | . . . Kick . | . . . Crush 4 | . 4 . Escape Stasis . | . . . Rewire 1 | . . 1 Trap . | . . . Miscellaneous . | . . . Route ------- -11/Scrapyard -10/Materials (discovered 3 exits: [*Mat] / [*Min] / [*Sub]) -10/Subcaves History --------- Turn | Location | Event 32 | -11/Scrapyard | Discovered new exit (range 16) 230 | -11/Scrapyard | Entered Materials 314 | -10/Materials | Build established: Mutant 644 | -10/Materials | Discovered new exit (range 5) 758 | -10/Materials | Discovered new exit (range 3) 981 | -10/Materials | Discovered new exit (range 12) 1236 | -10/Materials | Learned Storage emergency access door positions 1246 | -10/Materials | Core integrity fell below 50% 1294 | -10/Materials | Entered Subcaves 1295 | -10/Subcaves | Approached by a straggling Scientist 1704 | -10/Subcaves | A Subdweller sparked back to life 1704 | -10/Subcaves | A Subdweller sparked back to life 1704 | -10/Subcaves | A Subdweller sparked back to life 1740 | -10/Subcaves | Found Prototype Processor 1764 | -10/Subcaves | Core integrity fell below 20% 1765 | -10/Subcaves | Destroyed by BR-4YU(R) with Subdweller Shrapnel Launcher Last Messages --------------- 01577_ Shotgun destroyed. 01587_ 7Y-H86(R) destroyed. 01590_ Acquired 69 matter. 01595_ Acquired Sub. Monowheel. 01660_ Attempting to rewire Y4-3MW(R). 01660_ Y4-3MW(R) is broken beyond repair. 01704_ Y4-3MW(R) creaks and sparks as it begins to move. 01704_ F4-BIA(R) creaks and sparks as it begins to move. 01704_ BR-4YU(R) creaks and sparks as it begins to move. 01710_ F4-BIA(R) affixes Scrap Shield Fragment to Scrap Shield. 01723_ Lgt. Treads destroyed. 01731_ Y4-3MW(R) destroyed. 01737_ Acquired 18 matter. 01740_ Acquired Prototype Processor. 01751_ F4-BIA(R) suffers critical hit (Destroy). 01751_ Destroyed Sub. Optics. 01754_ Shotgun destroyed. 01757_ F4-BIA(R) destroyed. 01763_ Lgt. Treads destroyed. 01765_ Assault Rifle destroyed. Map ----- +----------------------------------------------------+ | ?????????????????????????????????????????????? | | ?????????????????????????????????????????????? | | ?????????????????????????????????????????????? | | ?????????????????????????????????????????????? | | ?????????????????????????????????????????????? | | ?????????????????????????????????????????????? | | ?????????????????????????????????????????????? | | ?????????????????????????????????????????????? | | ?????????????????????????????????????????????? | | ?????????????????????????????????????????????? | | ?????????????????????????????????????????????? | | ??#######???????????????####?????????????????? | | ??##########???????#########?????????????????? | | ? ##[%!################## ##?????????????????? | | ####&## ## ########## ##?????????????????? | | ###[#### ##### #### ##?????????????????? | | % #### # ##?????????????????? | | ####### ###?????????????????? | | ####### ####?????????????????? | | #????## # ## #####?????????????????? | | ?????######### ## #######??????????????? | | ?????################# ######?????????????? | | ????????????########### ;; ######??????????? | | ????????????????????#### =;;;;#####??????????? | | ?????????????????????## ;R ##??????????? | | ????????????????????#### @;; ##??????????? | | ????????????????????##; ;;; <##??????????? | | ????????????????????##; ## < <##??????????? | | ????????????????????##; #### ##??????????? | | ????????????????????## #########??????????? | | ????????????????????## ########??????????? | | ????????????????????### ##???????????????? | | ????????????????????#### ##???????????????? | | ?????????????????????### ##???????????????? | | ??????????????????????## ##???????????????? | | ??????????????????????## ###???????????????? | | ??????????????????????### ##???????????????? | | ??????????????????????### ##????????????????? | | ???????????????????????# #????????????????? | | ??????????????????????## ##????????????????? | | ??????????????????????### ##????????????????? | | ??????????????????????### ##????????????????? | | ???????????????????????# #????????????????? | | ???????????????????????## ??????????????????? | | ???????????????????????## ??????????????????? | | ???????????????????????# ??????????????????? | | ????????????????????????? ???????????????????? | | ?????????????????????????????????????????????? | | ?????????????????????????????????????????????? | | ?????????????????????????????????????????????? | +----------------------------------------------------+ Best States ------------- Heat Dissipation 25 Energy Generation 10 Energy Capacity 250 Matter Stores 300 Matter Capacity 300 Sight Range 16 Terrain Scan Density 10 Evasion (%) 40 Recoil Reduction 2 Item Schematics ----------------- None Robot Schematics ------------------ None Fabricated ------------ Nothing Repaired ---------- Nothing Studied --------- None Alien Tech Used ----------------- None Achievements -------------- None Challenges ------------ None Game ------ Seed GravityUltimateDoomcannon Manual? 0 Play Time 00:11:18 Cumulative 274.5 hours Start 2025.11.14 @ 17:05:05 End 2025.11.14 @ 17:14:14 Sessions 1 Manual Loads 0 Difficulty Rogue Special Mode None Game No. 297 Rogue 297 Adventurer 0 Explorer 0 Win Type - Total 12 Types 5/0/3/1/1/0/0/1/0/1 Lore% 77 Gallery% 74 Achievement% 54 Wizard Run 0 Options --------- Layout 1 ASCII 0 Keyboard 1 Movement Numpad Keybinds 0 Fullscreen 2 Font 32/SmallcapsGlow Map View 77x35 Zoom Use 0% Tactical HUD 1 Map Filters NONE Filters NONE Steam 1 RUN: 6def5089-7769-4fe9-9553-5aa60fa8f23a